 Dungeon Crawl Stone Soup version 0.21-a0-538-gd16b88a (webtiles) character file.

438 Amnesiac the Slinger (level 7, -9/45 HPs)
             Began as a Halfling Fighter on Dec 16, 2017.
             Mangled by an iguana (11 damage)
             ... on level 5 of the Dungeon.
             The game lasted 00:05:11 (3160 turns).

Amnesiac the Slinger (Halfling Fighter)             Turns: 3160, Time: 00:05:11

Health: -9/45      AC:  8    Str: 18 (19) XL:     7   Next: 22%
Magic:  7/7        EV: 10    Int:  3 (6)  God:
Gold:   206        SH:  9    Dex: 12 (14) Spells: 6/6 levels left

rFire    . . .     SeeInvis .   o - +0 hunting sling (curse)
rCold    . . .     Gourm    .   c - +0 shield
rNeg     . . .     Faith    .   b - +0 scale mail
rPois    .         Spirit   .   i - +0 helmet
rElec    .         Reflect  .   D - scarf {repulsion}
rCorr    .         Harm     .   (no gloves)
MR       .....                  (no boots)
Stlth    ..........             (no amulet)
HPRegen  0.15/turn              (no ring)
MPRegen  0.10/turn              (no ring)

@: repel missiles
A: small, mutation resistance 1
a: no special abilities


You were on level 5 of the Dungeon.
You were not hungry.

You visited 1 branch of the dungeon, and saw 5 of its levels.

You collected 206 gold pieces.

Inventory:

Hand Weapons
 a - a +0 rapier
 o - a cursed +0 hunting sling (weapon)
 r - a +1 mace of draining
Missiles
 h - 73 stones
 n - 82 sling bullets (quivered)
 w - 35 poisoned needles
Armour
 b - a +0 scale mail (worn)
 c - a +0 shield (worn)
 i - a +0 helmet (worn)
 D - a scarf of repulsion (worn)
 E - a cursed +0 plate armour
Scrolls
 e - 2 scrolls of identify {!r, unknown}
 l - 2 scrolls of enchant armour {!r, unknown}
 p - a scroll of blinking {!r, unknown}
 s - a scroll of immolation {!r, unknown}
 u - 2 scrolls of fear {!r, unknown}
 v - a scroll of teleportation {!r, unknown}
 y - 3 scrolls of magic mapping {!r, unknown}
 B - 2 scrolls of remove curse {!r, unknown}
 C - a scroll of silence {!r, unknown}
Potions
 d - 3 potions of might {!q}
 g - a potion of degeneration {!q}
 j - 2 potions of flight {!q, unknown}
 k - 2 potions of curing {!q}
 q - a potion of cancellation {!q, unknown}
 x - a potion of haste {!q, unknown}
 z - a potion of brilliance {!q, unknown}
Comestibles
 f - 5 bread rations
 m - 3 royal jellies
 t - 2 meat rations
 A - a chunk of flesh


   Skills:
 - Level 2.7 Fighting
 - Level 2.4 Short Blades
 + Level 8.5 Slings
 - Level 3.3 Armour
 - Level 3.3 Dodging
 - Level 3.4 Shields


You had 6 spell levels left.
You didn't know any spells.

Dungeon Overview and Level Annotations

Branches:
Dungeon (5/15)
 Temple: D:4-7

Altars:
Makhleb
Qazlal
Ru
Zin
The Shining One

Shops:
D:4 [

Annotations:
D:5 Artikas's ghost, novice MiBe


Innate Abilities, Weirdness & Mutations

You are small and have problems with some larger weapons.
You are somewhat resistant to further mutation.


Message History

Artikas's ghost is moderately damaged.
Artikas's ghost hits you.
Firing (i - inventory. (,) - cycle):
n - 84 sling bullets (quivered)
Press: ? - help, Shift-Dir - straight line, f/p - Artikas's ghost
Aim: Artikas's ghost (moderately damaged)
You shoot a sling bullet.
The sling bullet hits Artikas's ghost but does no damage.
Artikas's ghost is moderately damaged.
Artikas's ghost hits you.
Firing (i - inventory. (,) - cycle):
n - 83 sling bullets (quivered)
Press: ? - help, Shift-Dir - straight line, f/p - Artikas's ghost
Aim: Artikas's ghost (moderately damaged)
You shoot a sling bullet.
The sling bullet hits Artikas's ghost but does no damage.
Artikas's ghost is moderately damaged.
Artikas's ghost hits you.
* * * LOW HITPOINT WARNING * * *
An iguana comes into view.
The iguana hisses angrily.
Found a glowing plate armour.
Artikas's ghost stares at you. The iguana bites you.
* * * LOW HITPOINT WARNING * * *
Found a marble ring.
The iguana barely misses you.
There is a stone staircase leading up here.
A worm comes into view.
Found a fuming blue potion.
Found a scroll labeled GITZYM XEQE.
You see here a glowing plate armour.
E - a glowing plate armour You block Artikas's ghost's attack.
The iguana hisses menacingly.
Found 14 gold pieces.
Found a robe.
Artikas's ghost screams, "You will never get the ORB!"
Artikas's ghost hits you!
* * * LOW HITPOINT WARNING * * *
Found a stone staircase leading down.
You see here a robe.
You hear the slow rusting of a very distant drain.
Okay, then.
Artikas's ghost says very slowly, "There's no hope."
The iguana hisses menacingly.
Okay, then.
Really quaff
k - 3 purple potions {!q}?
It was a potion of curing {!q}.
You feel better. Artikas's ghost hits you.
* * * LOW HITPOINT WARNING * * *
The iguana misses you. Artikas's ghost hits you.
* * * LOW HITPOINT WARNING * * *
The iguana bites you but does no damage.
There is a stone staircase leading down here.
Really quaff
g - 2 bubbling brown potions {!q}?
It was a potion of degeneration {!q}.
There was something very wrong with that liquid.
You feel weakened.
You feel dopey.
You feel clumsy. Artikas's ghost hits you!
* * * LOW HITPOINT WARNING * * *
The iguana bites you but does no damage.
Okay, then.
You block the iguana's attack. The iguana bites you!
You die...

##...# ##!....##
#.......# #.......#
#.......# ##.......
##........
##########?.......#
##W@...#...........#
##.l...............##
#.....w..........=##
#.>....[........###
#...............#
#...............#
#...............#
##.............##
##.....#...$.##


You could see a worm, an iguana and Artikas's ghost.

Vanquished Creatures
  A phantom (D:5)
  A howler monkey (D:4)
  A hound (D:3)
  2 orc priests (D:4)
  A centaur skeleton (D:4)
  An orc wizard (D:4)
  A worker ant (D:5)
  6 adders
  5 dart slugs
  3 leopard geckos
  5 orcs
  2 giant cockroaches
  7 goblins
  5 hobgoblins
  13 jackals
  A quokka (D:3)
  A ball python (D:3)
  4 bats
  5 frilled lizards
  12 kobolds
  A leopard gecko skeleton (D:4)
  4 rats
82 creatures vanquished.

Notes
Turn   | Place    | Note
-------+----------+-------------------------------------------
     0 | D:1      | Amnesiac the Halfling Fighter began the quest for the Orb.
     0 | D:1      | Reached XP level 1. HP: 15/15 MP: 1/1
    41 | D:1      | Reached skill level 1 in Dodging
    49 | D:1      | Reached XP level 2. HP: 20/20 MP: 2/2
   281 | D:1      | Reached XP level 3. HP: 16/25 MP: 3/3
  1172 | D:2      | Reached XP level 4. HP: 30/30 MP: 4/4
  1527 | D:3      | Reached skill level 1 in Slings
  1530 | D:3      | Reached skill level 2 in Slings
  1569 | D:3      | Reached skill level 3 in Slings
  1622 | D:3      | Reached XP level 5. HP: 32/35 MP: 5/5
  1835 | D:3      | Reached skill level 4 in Slings
  2146 | D:4      | Found a stormy altar of Qazlal.
  2245 | D:4      | Found a burning altar of Makhleb.
  2250 | D:4      | Found a sacrificial altar of Ru.
  2252 | D:4      | Found a glowing silver altar of Zin.
  2252 | D:4      | Found a glowing golden altar of the Shining One.
  2289 | D:4      | Reached skill level 5 in Slings
  2353 | D:4      | Reached XP level 6. HP: 33/41 MP: 6/6
  2369 | D:4      | Reached skill level 6 in Slings
  2460 | D:4      | Reached skill level 7 in Slings
  2582 | D:4      | Found Ytiacren's Armour Emporium.
  2943 | D:5      | Entered Level 5 of the Dungeon
  2974 | D:5      | Noticed a phantom
  2995 | D:5      | Noticed Artikas's ghost (novice MiBe)
  3081 | D:5      | Killed a phantom
  3081 | D:5      | Reached skill level 8 in Slings
  3081 | D:5      | Reached XP level 7. HP: 45/45 MP: 7/7
  3156 | D:5      | HP: 1/45 [Artikas's ghost (8)]
  3160 | D:5      | Mangled by an iguana

Vault maps used:
D:1:      tarquinn_simple_flora_water_f
D:3:      first_bread, minmay_ruptured
D:4:      minitemple, serial_shops, shop, nicolae_qazlal_general_emergency
D:5:      gup_sewer_entry_bubbles

Skill      XL: |  1  2  3  4  5  6 |
---------------+-------------------+-----
Dodging        | 1 2 3 |  3.3
Slings         | 3 5 8 |  8.5
Fighting       | |  2.7
Short Blades   | |  2.4
Armour         | |  3.3
Shields        | |  3.4

Action                   |  1- 3 |  4- 6 |  7- 9 || total
-------------------------+-------+-------+-------++-------
Melee: Rapier            |    95 |    15 |       ||   110
 Fire: Hunting sling     |       |   250 |    20 ||   270
  Use: Potion            |       |       |     2 ||     2
  Eat: Chunk             |     1 |     6 |       ||     7
Armor: Scale mail        |    36 |    39 |     3 ||    78
Dodge: Dodged            |    28 |    59 |     5 ||    92
Block: Shield            |    63 |    61 |     3 ||   127

Table legend:
 A = Spawn XP
 B = Non-spawn XP
 C = Spawn XP percentage of total XP
 D = Spawn monster count
 E = Non-spawn monster count
 F = Spawn count percentage of total count
 G = Total turns spent on level
                    A         B        C        D         E        F      G
               +---------+---------+-------+---------+---------+-------+---------
         Total |       0 |     627 |   0.0 |       0 |      82 |   0.0 |  3160
               +---------+---------+-------+---------+---------+-------+---------
           D:1 |       0 |      29 |   0.0 |       0 |      17 |   0.0 |   647
           D:2 |       0 |      45 |   0.0 |       0 |      19 |   0.0 |   854
           D:3 |       0 |     104 |   0.0 |       0 |      25 |   0.0 |   619
           D:4 |       0 |     280 |   0.0 |       0 |      18 |   0.0 |   838
           D:5 |       0 |     169 |   0.0 |       0 |       3 |   0.0 |   202
               +---------+---------+-------+---------+---------+-------+---------
